 Dungeon Crawl Stone Soup version 0.20-a0-848-g73d9be0 (webtiles) character file.

563 Alarkh the Covered (level 7, 13/54 HPs)
             Began as a Demonspawn Fighter on Mar 9, 2017.
             Quit the game on level 3 of the Dungeon.
             The game lasted 00:02:29 (2848 turns).

Alarkh the Covered (Demonspawn Fighter)             Turns: 2848, Time: 00:02:29

Health: 13/54      AC:  7    Str: 15 (17) XL:     7   Next: 10%
Magic:  7/7        EV:  7    Int: 11      God:
Gold:   107        SH:  8    Dex:  9 (12) Spells: 6/6 levels left

rFire    . . .     SeeInvis .   a - +0 long sword
rCold    . . .     Gourm    .   b - +0 scale mail
rNeg     . . .     Faith    .   c - +0 shield
rPois    .         Spirit   .   (helmet unavailable)
rElec    .         Reflect  .   (no cloak)
rCorr    .         Harm     +   (no gloves)
MR       .....                  (no boots)
Stlth    ..........             g - amulet of harm
Regen    0.2/turn               (no ring)
MPRegen  0.1/turn               (no ring)

@: no status effects
A: horns 3, rot immunity
a: no special abilities


You were on level 3 of the Dungeon.
You were not hungry.

You visited 1 branch of the dungeon, and saw 3 of its levels.

You collected 107 gold pieces.

Inventory:

Hand Weapons
 a - a +0 long sword (weapon)
Armour
 b - a +0 scale mail (worn)
 c - a +0 shield (worn)
Jewellery
 g - an amulet of harm (around neck)
Scrolls
 d - a scroll of recharging {unknown}
 e - a scroll of identify
 j - a scroll of fog {unknown}
 k - a scroll of magic mapping {unknown}
 l - a scroll of remove curse {unknown}
 o - a scroll of random uselessness {unknown}
 p - 2 scrolls of teleportation {unknown}
Potions
 h - a potion of curing
 i - 3 potions of degeneration
Comestibles
 f - 2 bread rations
 n - a royal jelly
 r - 4 chunks of flesh


   Skills:
 + Level 4.2 Fighting
 + Level 4.5 Long Blades
 + Level 4.5 Armour
 + Level 0.8 Dodging
 + Level 0.2 Stealth
 + Level 3.6 Shields


You had 6 spell levels left.
You didn't know any spells.

Dungeon Overview and Level Annotations

Branches:
Dungeon (3/15)

Altars:
Ashenzari
Cheibriados
Hepliaklqana
Makhleb
Okawaru
Vehumet
Yredelemnul
Zin


Innate Abilities, Weirdness & Mutations

You have a pair of large horns on your head.
You are immune to rotting.


Message History

The ice beast is lightly wounded.
The ice beast barely misses you.
You riposte.
You hit the ice beast.
The ice beast is moderately wounded.
You block the ice beast's attack.
You hit the ice beast.
The ice beast is heavily wounded.
The ice beast hits you but does no damage.
Your shield and scale mail prevent you from hitting the ice beast.
You headbutt the ice beast!
The ice beast is almost dead.
You block the ice beast's attack.
You hit the ice beast.
You kill the ice beast!
You feel your intelligence returning.
You have reached level 7!
Your demonic ancestry asserts itself...
The horns on your head grow some more.
You start resting.
You feel a little less clever now.
Are you sure you want to abandon this character and quit the game? (Confirm with "yes".)

.........)............#####
.......########...........#
.......# #...........#
)..##+## #...........# #..#
######........(..# ....
#........##.###### ...
#........##.# +........+..#
#......@.#### #........#
#........# #........#
#........# #........#
#........# #........#


There were no monsters in sight!

Vanquished Creatures
  Grinder (D:3)
  The ghost of Dingo the Chopper, an amateur HOMo of Beogh (D:3)
  An ice beast (D:3)
  5 adders (D:2)
  4 oozes
  A worm (D:3)
  4 dart slugs
  2 leopard geckos
  2 orcs (D:3)
  6 giant cockroaches
  4 goblins
  7 hobgoblins
  3 jackals (D:2)
  2 kobolds
  3 ball pythons
  6 bats
  7 frilled lizards
  7 rats
66 creatures vanquished.

Notes
Turn   | Place    | Note
-------+----------+-------------------------------------------
     0 | D:1      | Alarkh the Demonspawn Fighter began the quest for the Orb.
     0 | D:1      | Reached XP level 1. HP: 18/18 MP: 1/1
   553 | D:1      | Gained mutation: You have a pair of small horns on your head. [demonic ancestry]
   553 | D:1      | Reached XP level 2. HP: 19/24 MP: 2/2
   797 | D:1      | Gained mutation: You are immune to rotting. [demonic ancestry]
   797 | D:1      | Reached XP level 3. HP: 24/29 MP: 3/3
  1162 | D:2      | Found a hazy altar of Hepliaklqana.
  1164 | D:2      | Found a shattered altar of Ashenzari.
  1165 | D:2      | Found a basalt altar of Yredelemnul.
  1165 | D:2      | Found a glowing silver altar of Zin.
  1165 | D:2      | Found a burning altar of Makhleb.
  1398 | D:2      | Gained mutation: You have a pair of horns on your head. [demonic ancestry]
  1398 | D:2      | Reached XP level 4. HP: 34/35 MP: 4/4
  1937 | D:2      | Found a radiant altar of Vehumet.
  1937 | D:2      | Found a snail-covered altar of Cheibriados.
  1939 | D:2      | Found an iron altar of Okawaru.
  2231 | D:3      | Noticed Grinder
  2239 | D:3      | Killed Grinder
  2239 | D:3      | Reached XP level 5. HP: 21/42 MP: 5/5
  2239 | D:3      | Reached XP level 6. HP: 24/48 MP: 6/6
  2525 | D:3      | Noticed Dingo's ghost (amateur HOMo)
  2536 | D:3      | Killed Dingo's ghost
  2796 | D:3      | Noticed an ice beast
  2808 | D:3      | Killed an ice beast
  2808 | D:3      | Gained mutation: You have a pair of large horns on your head. [demonic ancestry]
  2808 | D:3      | Reached XP level 7. HP: 6/54 MP: 7/7
  2848 | D:3      | Quit the game

Vault maps used:
D:1:      mrwooster_arrival_arrow
D:2:      grunt_temple_overflow_open, gammafunk_temple_overflow_claw
D:3:      amethyst_overflow_temple_binary, uniq_grinder

Skill      XL: |  1  2  3  4  5  6 |
---------------+-------------------+-----
Armour         | 3 4 |  4.5
Long Blades    | 2 3 4 |  4.5
Shields        | 3 |  3.6
Fighting       | 4 |  4.2
Dodging        | |  0.8
Stealth        | |  0.2

Action                   |  1- 3 |  4- 6 |  7- 9 || total
-------------------------+-------+-------+-------++-------
Melee: Long sword        |    94 |    95 |       ||   189
       Headbutt          |     8 |    16 |       ||    24
  Use: Scroll            |     1 |       |       ||     1
       Potion            |       |     5 |       ||     5
  Eat: Chunk             |     2 |     4 |       ||     6
Armor: Scale mail        |    49 |    38 |       ||    87
Dodge: Dodged            |    13 |    20 |       ||    33
Block: Shield            |    37 |    43 |       ||    80
       Rpst.: Long sword |     3 |     7 |       ||    10
